 Dungeon Crawl Stone Soup version 0.32-a0-607-g64ea0e4219 (webtiles) character file.

Game seed: 3385420719528636758

14104 Armakuni the Mender (level 11, 0/91 HPs)
             Began as a Yellow Draconian Shapeshifter on Mar 3, 2024.
             Was a Priest of Elyvilon.
             Shot with an arrow by Nessos (6 damage)
             ... on level 14 of the Dungeon.
             The game lasted 00:33:39 (11650 turns).

Armakuni the Mender (DrSh)                         Turns: 11650, Time: 00:33:40

Health: 0/91       AC: 11    Str: 16    XL:     11   Next: 84%
Magic:  16/20      EV: 17    Int: 15    God:    Elyvilon [***...]
Gold:   601        SH:  0    Dex: 11    Spells: 10/10 levels left

rFire   . .          .
                       - Unarmed
rCold   . . .        (shield currently unavailable)
rNeg    + . .        (body armour unavailable)
rPois   .            v - +2 hat of the Serpent {rElec rN+}
rElec   +            x - +1 cloak
rCorr   +            (gloves currently unavailable)
SInv    +            (no boots)
Will    .....        A - amulet of the acrobat
Stlth   +            I - ring of see invisible
HPRegen 0.35/turn    E - +5 ring of evasion
MPRegen 0.17/turn

%: acrobat
@: lethally poisoned (0 -> -87), blade hands
A: caustic breath, AC +7, unfitting armour, cold-blooded, acid resistance
a: Caustic Breath, Begin Untransformation, Renounce Religion, Purification, Heal
Other, Heal Self


You were on level 14 of the Dungeon.
You worshipped Elyvilon.
Elyvilon was most pleased with you.
You had blades for hands.
You visited 2 branches of the dungeon, and saw 13 of its levels.
You also visited: Bailey.

You collected 601 gold pieces.

Inventory:

Hand Weapons
 a - a +3 whip of venom
Missiles
 r - a throwing net
Armour
 t - a +0 buckler
 v - the +2 hat of the Serpent (worn) {rElec rN+}
   (You acquired it on level 9 of the Dungeon)

   rElec:     It insulates you from electricity.
   rN+:       It protects you from negative energy.
 x - a +1 cloak (worn)
Jewellery
 A - an amulet of the acrobat (around neck)
 E - a +5 ring of evasion (right blade hand)
 I - a ring of see invisible (left blade hand)
 U - an amulet of faith
Talismans
 b - a beast talisman
 k - a blade talisman (active)
 o - a flux talisman
Wands
 c - a wand of charming (7)
 f - a wand of acid (5)
 p - a wand of polymorph (18)
 w - a wand of warping (9)
 K - a wand of flame (7)
Scrolls
 g - 6 scrolls of enchant weapon
 j - a scroll of silence
 l - a scroll of blinking
 q - 2 scrolls of summoning
 s - 2 scrolls of amnesia
 u - a scroll of noise
 y - 3 scrolls of teleportation
 C - 4 scrolls of vulnerability
 F - a scroll of fog
 H - a scroll of identify
Potions
 d - a potion of berserk rage
 e - a potion of mutation {unknown}
 h - a potion of brilliance {unknown}
 i - a potion of degeneration {unknown}
 m - 3 potions of invisibility {unknown}
 n - 5 potions of curing {unknown}
 z - a potion of ambrosia {unknown}
 B - 3 potions of enlightenment {unknown}
 D - 2 potions of heal wounds {unknown}
 G - a potion of haste {unknown}
 J - a potion of might {unknown}


   Skills:
 - Level 6.6 Fighting
 - Level 3.1 Dodging
 - Level 10.0 Unarmed Combat
 + Level 12.7 Invocations
 - Level 10.0 Shapeshifting


You had 10 spell levels left.
You didn't know any spells.
Your spell library contained the following spells:

 Spells                   Type           Power      Damage    Failure   Level
 Scorch                   Fire           0%         2d5       38%         2
 Static Discharge         Conj/Air       0%         3-3/arc   38%         2
 Tukima's Dance           Hex            0%         N/A       63%         3
 Airstrike                Air            0%         2d(0-16)  95%         4
 Flame Wave               Conj/Fire      0%         2d4       95%         4
 Passage of Golubria      Tloc           0%         N/A       95%         4
 Summon Lightning Spire   Summ/Air       0%         N/A       95%         4
 Yara's Violent Unravell  Hex/Alch       0%         3d3       100%        5
 Summon Cactus Giant      Summ           0%         N/A       100%        6


Dungeon Overview and Level Annotations

Branches:
Dungeon (14/15)            Temple (1/1) D:7            Lair (0/5) D:10
 Bailey (visited)
    Orc: D:9-12      Vaults: D:13-14

Altars:
Ashenzari
Cheibriados
Dithmenos
Elyvilon
Fedhas
Gozag
Hepliaklqana
Kikubaaqudgha
Makhleb
Nemelex Xobeh
Okawaru
Qazlal
Ru
Sif Muna
Trog
Uskayaw
Vehumet
Wu Jian
Xom
Yredelemnul
Zin
The Shining One

Shops:
D:9 =

Portals:
Abyss: D:10

Annotations:
D:9 2 transporters, Returnofthet's ghost, novice DsSh
D:10 2 transporters, hackum's ghost, novice DgHu
D:14 Nessos


Innate Abilities, Weirdness & Mutations

You have blades for hands.
You are incapable of wielding weapons or throwing items.
You can breathe corrosive fumes.
Your golden yellow scales are hard. (AC +7)
You cannot fit into any form of body armour.
You are cold-blooded and may be slowed by cold attacks.
You are resistant to acid. (rCorr)


Message History

Nessos pounds the earth with their hooves.
Nessos casts a spell.
Nessos blinks!
Nessos casts a spell.
Nessos blinks!
Nessos wields a +2 longbow of flaming.
It bursts into flame!
Nessos shoots an arrow.
The arrow completely misses you.
Nessos shoots an arrow.
The arrow completely misses you.
Okay, then.
Unknown command.
You are healed.
Nessos shoots an arrow.
The arrow hits you. The arrow burns you.
Nessos shoots an arrow.
The arrow closely misses you.
Unknown command.
Aiming: Caustic Breath
Press: ? - help, Shift-Dir - straight line, f - Nessos
Aim: Nessos, wielding a +2 longbow of flaming and wearing a +0 barding (severely wounded, fast, 94% to hit)
You breathe a spray of caustic vapour.
The acid spray hits Nessos!!
Nessos is almost dead.
Nessos shoots an arrow.
The arrow barely misses you.
Nessos intently looks at you, slowly moving their tail.
Nessos shoots an arrow.
The arrow hits you!! The arrow burns you!
Nessos shoots an arrow.
The arrow hits you!! The arrow burns you.
You are poisoned.
Nessos shoots an arrow.
The arrow hits you!
* * * LOW HITPOINT WARNING * * *
The arrow burns you.
You are more poisoned.
* * * LOW HITPOINT WARNING * * *
You are healed.
You feel extremely sick.
Nessos shoots an arrow.
The arrow hits you!!
* * * LOW HITPOINT WARNING * * *
The arrow burns you.
You are more poisoned.
* * * LOW HITPOINT WARNING * * *
Nessos shoots an arrow.
The arrow hits you!! Elyvilon protects you from harm! The arrow burns you.
You are more poisoned.
You die...

#.......≈.≈
#.......≈≈≈
#(........#
##########........#
..................#
#..............####
#...####...........
#.).# #...........
#.@§# #.##########
........§# #.#
.......§.# #.#
###### .......c.#
#.#####.....
#.######.#
#........... # #.#
#.########## #.#
#.# .# #.# #.#


You could see Nessos (fast).

Vanquished Creatures
  Gastronok (D:8)
  Erica (D:10)
  A two-headed ogre (D:10)
  Pikel (D:6)
  2 orc sorcerers (Bailey)
  An unseen horror (D:8)
  A troll (D:10)
  A wraith (D:11)
  A shadow (D:9)
  16 yaks
  A wyvern (D:7)
  A warg (D:10)
  2 steam dragons (D:7)
  2 acid dragons
  Duvessa (D:6)
  A sky beast (D:7)
  2 black bears (D:5)
  16 orc warriors
  2 centaurs
  2 wolves (D:10)
  4 phantoms
  3 kobold brigands
  A lemure (D:6)
  3 bullfrogs
  4 scorpions
  22 wights
  Dowan (D:6)
  12 killer bees
  3 electric eels (Bailey)
  4 bombardier beetles
  A jelly (D:7)
  6 orc priests
  2 hounds
  3 sleepcaps
  4 iguanas
  Jessica (D:3)
  16 orc wizards
  9 gnolls
  6 adders
  2 shadow imps
  A white imp (D:8)
  2 ufetubi (D:6)
  A dart slug (D:1)
  A ribbon worm (D:2)
  45 orcs
  6 ball pythons
  6 bats
  6 endoplasms
  4 giant cockroaches
  22 goblins
  13 hobgoblins
  2 jackals (D:1)
  8 quokkas
  2 frilled lizards (D:2)
  19 kobolds
  3 rats
304 creatures vanquished.

Vanquished Creatures (collateral kills)
  A killer bee (D:9)
1 creature vanquished.

Vanquished Creatures (others)
  3 killer bees
  An orc (D:7)
4 creatures vanquished.

Grand Total: 309 creatures vanquished

Notes
Turn   | Place    | Note
-------+----------+-------------------------------------------
     0 | D:1      | Armakuni the Draconian Shapeshifter began the quest for the
                  | Orb.
     0 | D:1      | Reached XP level 1. HP: 16/16 MP: 1/1
   168 | D:1      | Reached XP level 2. HP: 19/23 MP: 2/2
   574 | D:1      | Reached XP level 3. HP: 24/28 MP: 3/3
  1202 | D:2      | Identified the +1 robe of the Maze {Str-2 Int+4}
  1281 | D:2      | Found a hide-covered altar of Uskayaw.
  1716 | D:2      | Reached XP level 4. HP: 33/35 MP: 4/4
  1873 | D:3      | Noticed Jessica
  1883 | D:3      | Killed Jessica
  2866 | D:4      | Noticed a scorpion
  2871 | D:4      | Killed a scorpion
  2872 | D:4      | Reached XP level 5. HP: 40/40 MP: 5/5
  3009 | D:3      | Reached skill level 5 in Shapeshifting
  3129 | D:4      | Reached XP level 6. HP: 39/47 MP: 6/6
  3241 | D:4      | Reached skill level 5 in Unarmed Combat
  3295 | D:4      | Found an ancient bone altar of Kikubaaqudgha.
  3317 | D:4      | Found a sacrificial altar of Ru.
  3317 | D:4      | Found a glowing silver altar of Zin.
  3318 | D:4      | Found a blossoming altar of Fedhas.
  3330 | D:4      | Found a burning altar of Makhleb.
  3453 | D:5      | Entered Level 5 of the Dungeon
  3740 | D:5      | Your scales start taking on a golden yellow colour.
  3740 | D:5      | Reached XP level 7. HP: 39/52 MP: 7/7
  3740 | D:5      | Gained mutation: You are resistant to acid. (rCorr) [Yellow
                  | Draconian growth]
  4921 | D:6      | Reached XP level 8. HP: 42/59 MP: 8/8
  5171 | D:6      | Found a broken altar of Ashenzari.
  5540 | D:6      | Found a shimmering altar of Xom.
  5551 | D:6      | Noticed Duvessa
  5551 | D:6      | Noticed Dowan
  5553 | D:6      | Killed Dowan
  5560 | D:6      | Killed Duvessa
  5707 | D:7      | Noticed Pikel
  5915 | D:6      | Killed Pikel
  5916 | D:6      | Reached skill level 10 in Shapeshifting
  5916 | D:6      | Reached XP level 9. HP: 40/68 MP: 9/9
  6250 | D:7      | Found a staircase to the Ecumenical Temple.
  6829 | D:7      | Reached skill level 5 in Fighting
  7214 | Temple   | Entered the Ecumenical Temple
  7231 | Temple   | Became a worshipper of Elyvilon the Healer
  7304 | D:8      | Noticed an unseen horror
  7312 | D:8      | Killed an unseen horror
  7470 | D:8      | Found a snail-covered altar of Cheibriados.
  7601 | D:8      | Reached * piety under Elyvilon
  7633 | D:8      | Reached XP level 10. HP: 74/80 MP: 10/10
  7670 | D:8      | Noticed Gastronok
  7686 | D:8      | Found a shimmering blue altar of Sif Muna.
  7805 | D:7      | Reached skill level 1 in Invocations
  7914 | D:8      | Reached skill level 10 in Unarmed Combat
  7930 | D:8      | Killed Gastronok
  7931 | D:8      | Reached skill level 5 in Invocations
  8226 | D:8      | Found an ornate altar of the Wu Jian Council.
  8497 | D:9      | Identified the +3 great mace of the Teaching Hawk {freeze,
                  | rPois rN++ Int+4}
  8497 | D:9      | Identified the +3 giant spiked club "Qis Vink" {venom,
                  | Str+3}
  8497 | D:9      | Noticed a two-headed ogre
  8498 | D:9      | Noticed Returnofthet's ghost (novice DsSh)
  8500 | D:9      | Found a transporter.
  8500 | D:9      | Noticed a two-headed ogre
  8504 | D:9      | Noticed a two-headed ogre
  8506 | D:9      | Noticed a two-headed ogre
  8520 | D:9      | Found a transporter.
  8628 | D:9      | Found a flagged portal.
  8649 | Bailey   | Entered a bailey
  8898 | Bailey   | Reached skill level 6 in Invocations
  8923 | Bailey   | Found an iron altar of Okawaru.
  8925 | Bailey   | Noticed an orc sorcerer
  8925 | Bailey   | Noticed an orc sorcerer
  8928 | Bailey   | Noticed a sun demon
  8932 | Bailey   | Killed an orc sorcerer
  8935 | Bailey   | Killed an orc sorcerer
  8936 | Bailey   | Reached skill level 7 in Invocations
  9119 | Bailey   | Reached XP level 11. HP: 71/91 MP: 16/16
  9320 | D:9      | Acquired the +2 hat of the Serpent {rElec rN+}
  9409 | D:9      | Found Koci's Jewellery Boutique.
  9441 | D:9      | Reached skill level 8 in Invocations
  9486 | D:9      | Reached ** piety under Elyvilon
  9803 | D:10     | Entered Level 10 of the Dungeon
  9803 | D:10     | Noticed a two-headed ogre
 10059 | D:10     | Found a staircase to the Lair.
 10184 | D:10     | Killed a two-headed ogre
 10185 | D:10     | Reached skill level 9 in Invocations
 10403 | D:10     | Reached skill level 10 in Invocations
 10477 | D:10     | Noticed Erica
 10485 | D:10     | Killed Erica
 10563 | D:10     | Found a transporter.
 10600 | D:10     | Found a one-way gate to the infinite horrors of the Abyss.
 10600 | D:10     | Noticed hackum's ghost (novice DgHu)
 10735 | D:10     | Found a transporter.
 10745 | D:10     | Found a bloodstained altar of Trog.
 10899 | D:11     | Reached skill level 11 in Invocations
 11140 | D:11     | Reached *** piety under Elyvilon
 11157 | D:11     | Noticed a boulder beetle
 11165 | D:11     | Pacified a boulder beetle
 11286 | D:11     | Reached skill level 12 in Invocations
 11601 | D:11     | You fall into a shaft and drop 3 floors!
 11637 | D:14     | Noticed Nessos
 11650 | D:14     | Elyvilon protects you from harm!
 11650 | D:14     | Shot with an arrow by Nessos

Illustrated notes

Levels and vault maps discovered:
D:1:      minmay_arrival_plants_in_alcoves, layout_basic,
          nicolae_twisty_statue_hallways
D:2:      layout_loops_corners, basic_altar
D:3:      layout_basic, uniq_jessica
D:4:      layout_rooms, kiku_gazebo_garden_becter,
          nicolae_overflow_quartered_altars
D:5:      layout_loops_ring, abandoned_shop, kennysheep_generic_room_9
D:6:      layout_gridville, mainiacjoe_overflow_big_doors,
          kennysheep_generic_room_15, uniq_duvessa
D:7:      layout_loops_cross, temple_pool_b, grunt_ministairs_1, uniq_pikel
D:8:      layout_gridville, lemuel_tele_altar, nzn_wu_jian_contemplation,
          chei_slow_surprise, uniq_gastronok
D:9:      layout_roguey, enter_bailey_3, serial_shops,
          nicolae_shop_pleasant_corner_grove, gammafunk_ghost_smash
D:10:     layout_cave_pools, lightli_temple_of_fire, erik_lair_orcish_takeover,
          gammafunk_ghost_abyssal_escape, uniq_erica
D:11:     layout_small_grid, david_orc_4, nicolae_sextant, skrybe_limestone_x,
          grunt_ministairs_10
D:14:     layout_small_grid, david_vaults_4, minmay_misc_feat_four_crosses,
          chequers_serial_rivers_micro_d, uniq_nessos
Temple:   nicolae_temple_bog_church

Skill      XL: |  1  2  3  4  5  6  7  8  9 10 11 |
---------------+----------------------------------+-----
Unarmed Combat | 4 5 6 9 10 | 10.0
Shapeshifting  | 4 5 6 7 10 | 10.0
Fighting       | 2 5 6 |  6.6
Invocations    | 7 12 | 12.7
Dodging        | 3 |  3.1

Action                     |  1- 3 |  4- 6 |  7- 9 | 10-12 || total
---------------------------+-------+-------+-------+-------++-------
  Melee: Unarmed           |    68 |     5 |   253 |   439 ||   765
         Tailslap          |     7 |    12 |    37 |    52 ||   108
         Whip              |    50 |    91 |    11 |       ||   152
         Punch             |       |       |     8 |    27 ||    35
 Invoke: Heal Self         |       |       |       |     2 ||     2
         Purification      |       |       |       |     1 ||     1
         Heal Other        |       |       |       |     1 ||     1
Ability: Caustic Breath    |       |       |     5 |     7 ||    12
  Evoke: Wand              |       |     2 |    17 |    11 ||    30
    Use: Potion            |     1 |       |       |     1 ||     2
         Scroll            |       |       |    11 |     5 ||    16
   Stab: Sleeping          |     4 |     2 |     2 |       ||     8
         Distracted        |       |       |     1 |       ||     1
 Armour: Skin              |    52 |    54 |   111 |   213 ||   430
  Dodge: Dodged            |    84 |    74 |   210 |   432 ||   800
         Form:             |       |     1 |     1 |       ||     2
         Beast             |       |     1 |       |       ||     1
         Flux              |       |       |     1 |       ||     1
         Blade             |       |       |     2 |       ||     2

Table legend: (Time is in decaauts)
 A = Elapsed time spent in this place.
 B = Non-inter-level travel time spent in this place.
 C = Inter-level travel time spent in this place.
 D = Time resting spent in this place.
 E = Time spent auto-exploring this place.
 F = Levels seen in this place.
 G = Mean time per level.
                   A        B        C        D        E       F      G
               +--------+--------+--------+--------+--------+-----+--------+
         Total |  11597 |  11070 |    527 |   2035 |   6411 |  14 |  828.4 |
       Dungeon |  10888 |  10378 |    510 |   2005 |   6055 |  12 |  907.3 |
        Temple |     36 |     20 |     16 |      0 |      0 |   1 |   36.0 |
        Bailey |    672 |    672 |      0 |     30 |    356 |   1 |  672.0 |
               +--------+--------+--------+--------+--------+-----+--------+

Top non-repeatable levels by time:
     D:7: 1493 daAuts
     D:5: 1166 daAuts
     D:3: 1152 daAuts
     D:6: 1098 daAuts
     D:1: 1000 daAuts
     D:9: 983 daAuts
     D:8: 911 daAuts
     D:2: 848 daAuts
    D:10: 814 daAuts
    D:11: 709 daAuts
  Bailey: 672 daAuts
     D:4: 662 daAuts
    D:14: 47 daAuts
  Temple: 36 daAuts
